 Dungeon Crawl Stone Soup version 0.29.0-11-gd7f09526c8 (webtiles) character file.

Game seed: 12531938480292243910

7 xian the Gusty (level 1, -6/13 HPs)
             Began as a Demonspawn Air Elementalist on Sept 3, 2022.
             Was a Believer of Lugonu.
             Mangled by a gnoll
             ... wielding a +0 flail
              (11 damage)
             ... on level 1 of the Dungeon.
             The game lasted 00:00:53 (267 turns).

xian the Gusty (Demonspawn Air Elementalist)         Turns: 267, Time: 00:00:54

Health: -6/13      AC:  2    Str:  8    XL:     1   Next: 83%
Magic:  0/3        EV: 12    Int: 16    God:    Lugonu [**....]
Gold:   24         SH:  0    Dex: 13    Spells: 3/4 levels left

rFire   . . .      SeeInvis .   c - +0 dagger
rCold   . . .      Faith    .   (no shield)
rNeg    . . .      Spirit   .   a - +0 robe
rPois   .          Reflect  .   (no helmet)
rElec   .          Harm     .   (no cloak)
rCorr   .          Rampage  .   (no gloves)
Will    .....                   (no boots)
Stlth   ++........              (no amulet)
HPRegen 0.04/turn               (no ring)
MPRegen 0.08/turn               (no ring)

@: no status effects
A: no striking features
a: Renounce Religion, Depart the Abyss, Bend Space


You were on level 1 of the Dungeon.
You worshipped Lugonu.
Lugonu was pleased with you.
You visited 1 branch of the dungeon, and saw 1 of its levels.

You collected 24 gold pieces.

Inventory:

Hand Weapons
 c - a +0 dagger (weapon)
Armour
 a - a +0 robe (worn)
Potions
 b - a potion of magic


   Skills:
 + Level 1.8 Dodging
 + Level 1.8 Stealth
 + Level 2.1 Spellcasting
 + Level 1.0 Conjurations
 + Level 3.0 Air Magic


You had 3 spell levels left.
You knew the following spells:

 Your Spells              Type           Power      Damage    Failure   Level
a - Shock                 Conj/Air       32%        1d5       9%          1

Your spell library contained the following spells:

 Spells                   Type           Power      Damage    Failure   Level
 Static Discharge         Conj/Air       8%         3-4/arc   14%         2
 Swiftness                Air            11%        N/A       19%         3
 Airstrike                Air            5%         2d(1-17)  52%         4


Dungeon Overview and Level Annotations

Branches:
Dungeon (1/15)

Altars:
Lugonu


Message History

You are out of magic!
You are out of magic!
You are out of magic!
Unknown command.
Found a stone staircase leading down.
Found 6 gold pieces.
You are out of magic!
The rat bites you.
You hit the rat.
The rat is severely wounded.
The rat bites you but does no damage.
A gnoll comes into view. It is wielding a +0 flail.
The gnoll shouts!
You hit the rat.
You kill the rat!
Lugonu accepts your kill.
You see here a rat corpse.
You see here a rat corpse.
You miscast Shock.
You are very lightly contaminated with residual magic.
Nothing appears to happen.
Found a sapphire potion.
The zap misses the gnoll.
The gnoll closely misses you.
You hit the gnoll but do no damage. The gnoll closely misses you.
You hit the gnoll but do no damage. The gnoll hits you with a +0 flail.
Your magical contamination has completely faded away.
You hit the gnoll but do no damage. The gnoll hits you with a +0 flail.
You closely miss the gnoll. The gnoll closely misses you.
You hit the gnoll.
The gnoll is moderately wounded.
The gnoll closely misses you.
Unknown command.
You closely miss the gnoll.
The gnoll is moderately wounded.
The gnoll misses you.
Unknown command.
The gnoll completely misses you. The gnoll attacks as you move away!
The gnoll hits you with a +0 flail!
Ouch! That really hurt!
You die...

.......#####.###..........
.~..................######
..~.......##.###.#..#
~~..##.##.##.# #.#..# #
~.~.##.##.##.# #.#..###...
~~...........# #........#
≈~...#.##.#### ##...#.###
~≈......#[#######g..#.#
~.~...#........!@.>$# #
~.~#....###.#######.#
~~~#.### ... ≈... # .....
.~~. ###### ~..# ####


You could see a gnoll.

Vanquished Creatures
  A ball python (D:1)
  A hobgoblin (D:1)
  A kobold (D:1)
  A bat (D:1)
  3 rats (D:1)
7 creatures vanquished.

Notes
Turn   | Place    | Note
-------+----------+-------------------------------------------
     0 | D:1      | xian the Demonspawn Air Elementalist began the quest for
                  | the Orb.
     0 | D:1      | Reached XP level 1. HP: 13/13 MP: 3/3
   113 | D:1      | Found a faded altar of an unknown god.
   137 | D:1      | Prayed at the altar of an unknown god.
   137 | D:1      | Became a worshipper of Lugonu the Unformed
   137 | D:1      | Reached * piety under Lugonu
   137 | D:1      | Reached ** piety under Lugonu
   234 | D:1      | Reached skill level 3 in Air Magic
   267 | D:1      | Mangled by a gnoll

Illustrated notes

Levels and vault maps discovered:
D:1:      wander_arrival_abandoned_jail, layout_loops_ring,
          chequers_ecumenical_altar_island, minmay_three_crescents

Skill      XL: |  1 |
---------------+----+-----
Air Magic      | 3 |  3.0
Dodging        | |  1.8
Stealth        | |  1.8
Spellcasting   | |  2.1
Conjurations   | |  1.0

Action                   || total
-------------------------++-------
Melee: Dagger            ||     9
 Cast: Shock             ||    15
Armor: Robe              ||     7
Dodge: Dodged            ||    15
